 Dungeon Crawl Stone Soup version 0.27-a0-686-gaed091b46b (webtiles) character file.

Game seed: 16687908726177091952

26 Areduval the Grasshopper (level 2, -1/24 HPs)
             Began as a Demigod Warper on Mar 21, 2021.
             Slain by a gnoll
             ... wielding a +0 spear
              (7 damage)
             ... on level 1 of the Dungeon.
             The game lasted 00:01:00 (1167 turns).

Areduval the Grasshopper (Demigod Warper)           Turns: 1167, Time: 00:01:01

Health: -1/24      AC:  3    Str: 12    XL:     2   Next: 69%
Magic:  7/7        EV: 12    Int: 15    God:
Gold:   0          SH:  0    Dex: 13    Spells: 2/4 levels left

rFire    . . .     SeeInvis .   h - +1 short sword (elec)
rCold    . . .     Faith    .   (no shield)
rNeg     . . .     Spirit   .   b - +0 leather armour
rPois    .         Reflect  .   (no helmet)
rElec    .         Harm     .   (no cloak)
rCorr    .         Rampage  .   (no gloves)
Will     .....                  (no boots)
Stlth    +.........             (no amulet)
HPRegen  0.08/turn              (no ring)
MPRegen  0.10/turn              (no ring)

@: no status effects
A: high mp 1, forlorn
a: no special abilities


You were on level 1 of the Dungeon.
You visited 1 branch of the dungeon, and saw 1 of its levels.

Inventory:

Hand Weapons
 a - a +0 spear
 h - a +1 short sword of electrocution (weapon)
Missiles
 e - 5 boomerangs of dispersal (quivered)
Armour
 b - a +0 leather armour (worn)
Scrolls
 d - a scroll of blinking
 g - a scroll of enchant armour {unknown}
Potions
 c - a potion of flight {unknown}
 f - 2 potions of lignification {unknown}


   Skills:
 + Level 2.2 Fighting
 + Level 2.3 Polearms
 - Level 0.8 Throwing
 - Level 0.8 Armour
 + Level 2.2 Dodging
 - Level 0.1 Stealth
 - Level 1.7 Spellcasting
 - Level 2.6 Translocations


You had 2 spell levels left.
You knew the following spells:

 Your Spells              Type           Power      Damage    Failure   Level
a - Blink                 Tloc           N/A        N/A       14%         2

Your spell library contained the following spells:

 Spells                   Type           Power      Damage    Failure   Level
 Gell's Gravitas          Tloc           4%         N/A       28%         3
 Lesser Beckoning         Tloc           4%         N/A       28%         3
 Teleport Other           Tloc           9%         N/A       28%         3
 Confusing Touch          Hex            1%         N/A       65%         3
 Manifold Assault         Tloc           9%         N/A       67%         4
 Petrify                  Tmut/Erth      1%         N/A       96%         4
 Metabolic Englaciation   Hex/Ice        0%         N/A       100%        5
 Yara's Violent Unravell  Hex/Tmut       0%         3d3       100%        5


Dungeon Overview and Level Annotations

Branches:
Dungeon (1/15)


Innate Abilities, Weirdness & Mutations

Your attributes grow dramatically as you level up.
You have an increased reservoir of magic. (+10% MP)
You shall have no god before yourself.


Message History

No target in view!
No target in view!
No target in view!
No target in view!
No target in view!
No target in view!
No target in view!
There is an open door here.
A gnoll comes into view. It is wielding a +0 spear.
The gnoll shouts!
A gnoll is nearby!
The gnoll hits you with a +0 spear.
You barely miss the gnoll. The gnoll hits you with a +0 spear!
You are too injured to fight recklessly!
You are too injured to fight recklessly!
You are too injured to fight recklessly!
You are too injured to fight recklessly!
You are too injured to fight recklessly!
You are too injured to fight recklessly!
You are too injured to fight recklessly!
You are too injured to fight recklessly!
You are too injured to fight recklessly!
You are too injured to fight recklessly!
You are too injured to fight recklessly!
You are too injured to fight recklessly!
You are too injured to fight recklessly!
You are too injured to fight recklessly!
You are too injured to fight recklessly!
You are too injured to fight recklessly!
You are too injured to fight recklessly!
You are too injured to fight recklessly!
You are too injured to fight recklessly!
You hit the gnoll. Lightning courses through the gnoll!
The gnoll is severely wounded.
The gnoll hits you with a +0 spear.
* * * LOW HITPOINT WARNING * * *
You barely miss the gnoll.
The gnoll is severely wounded.
The gnoll hits you with a +0 spear!
You die...

#.......... #.#########
#†# ### #.# ..# #.# #.#
#†# #.# #.# #########g#.#
#.# #.......#@#.# #.#
#.#####.#.#.# #.#
#.#####.#.#.# #.#
#....##.#.#.####.#
####.##.#.#.#....#########
#.##.#.#.#.#...........
#.##.#'#.#.#.##########
#........#.#...#
#........#.#.#.#


You could see a gnoll.

Vanquished Creatures
  An ooze (D:1)
  3 bats (D:1)
  A giant cockroach (D:1)
  2 hobgoblins (D:1)
  6 jackals (D:1)
  A ball python (D:1)
  2 frilled lizards (D:1)
  A goblin (D:1)
  2 kobolds (D:1)
  3 rats (D:1)
22 creatures vanquished.

Notes
Turn   | Place    | Note
-------+----------+-------------------------------------------
     0 | D:1      | Areduval the Demigod Warper began the quest for the Orb.
     0 | D:1      | Reached XP level 1. HP: 17/17 MP: 5/5
   315 | D:1      | Reached XP level 2. HP: 9/24 MP: 7/7
   321 | D:1      | Learned a level 2 spell: Blink
  1167 | D:1      | Slain by a gnoll

Illustrated notes

Levels and vault maps discovered:
D:1:      roderic_crop_circles_arrival_small, layout_basic

Skill      XL: |  1 |
---------------+----+-----
Polearms       | 2 |  2.3
Fighting       | 2 |  2.2
Dodging        | 2 |  2.2
Throwing       | |  0.8
Armour         | |  0.8
Stealth        | |  0.1
Spellcasting   | |  1.7
Translocations | |  2.6

Action                   || total
-------------------------++-------
Melee: Spear             ||    86
       Short sword       ||     4
 Stab: Sleeping          ||     1
Armor: Leather armour    ||    21
Dodge: Dodged            ||    49

Table legend: (Time is in decaauts)
 A = Elapsed time spent in this place.
 B = Non-inter-level travel time spent in this place.
 C = Inter-level travel time spent in this place.
 D = Time resting spent in this place.
 E = Time spent auto-exploring this place.
 F = Levels seen in this place.
 G = Mean time per level.
                   A        B        C        D        E       F      G
               +--------+--------+--------+--------+--------+-----+--------+
         Total |   1166 |   1166 |      0 |    184 |    831 |   1 | 1166.0 |
       Dungeon |   1166 |   1166 |      0 |    184 |    831 |   1 | 1166.0 |
               +--------+--------+--------+--------+--------+-----+--------+

Top non-repeatable levels by time:
     D:1: 1166 daAuts
